Carnivores vs Monarchs
Created - December 1, 2019 at 08:06
Goals
|
| Carnivores |
3 |
0 |
1 |
1 |
5 |
| Monarchs |
1 |
2 |
1 |
0 |
4 |
|
Shots
|
| Carnivores |
18 |
5 |
9 |
3 |
35 |
| Monarchs |
6 |
20 |
12 |
1 |
39 |
|
1st period
1. Carnivores , Joel Armia 4 (David Fischer 10, Curtis Lazar 2) at 3:02
2. Monarchs , Nicolas Deslauriers 1 (Brett Connolly 2, Mike Amadio 2) at 7:06
3. Carnivores , Jeremy Welsh 9 (Anton Gustafsson 12, T.J Brodie 5) at 13:48
4. Carnivores , Joel Armia 5 (David Fischer 11) at 18:18 (PP)
Penalties :
Brendan Lemieux (MAN) for Hooking (Minor) at 8:28, Max Domi (MAN) for Hooking (Minor) at 17:26
2nd period
5. Monarchs , Brandon Montour 1 (Elias Lindholm 8, Brendan Lemieux 5) at 3:27
6. Monarchs , Peter Worrell 1 (Jimmy Hayes 4, Brayden Point 5) at 8:57
Penalties :
No Penalty
3rd period
7. Carnivores , T.J Brodie 1 (Hunter Shinkaruk 5, Lucas Wallmark 2) at 11:11
8. Monarchs , Max Domi 8 (Dalton Prout 7) at 19:07
Penalties :
Brendan Lemieux (MAN) for Tripping (Minor) at 4:12
Overtime #1
9. Carnivores , Mattias Backman 1 (Blake Geoffrion 6, Markus Granlund 11) at 2:02
Penalties :
No Penalty
Goalie Stats
Niklas Svedberg (Bre), 35 saves from 39 shots - (0.897), W, 5-4-1, 62:02 minutes
Alex Nedeljkovic (MAN), 30 saves from 35 shots - (0.857), OTL, 3-3-4, 62:00 minutes
Players Stats for Carnivores
Player Name G A P +/- PIM S H SB GA TA FO MP PP MP PK MP
------------------------------------------------------------------------------------
Andreas Englund 0 0 0 0 0 1 1 1 0 0 0/0 13:46 0:00 0:00
Anton Gustafsson 0 1 1 -2 0 4 2 0 0 1 8/16 17:53 2:32 0:00
Blake Geoffrion 0 1 1 0 0 4 1 1 3 1 1/1 22:38 2:32 0:00
Chris Lawrence 0 0 0 -1 0 1 1 1 1 1 1/2 23:05 2:32 0:00
Curtis Lazar 0 1 1 0 0 2 2 0 1 0 3/8 12:25 0:00 0:00
David Fischer 0 2 2 0 0 2 0 0 1 0 0/0 28:18 2:56 0:00
Hunter Shinkaruk 0 1 1 1 0 2 1 0 0 0 0/0 9:17 0:00 0:00
Jeremy Welsh 1 0 1 -1 0 3 2 0 1 1 1/1 16:22 2:18 0:00
Joel Armia 2 0 2 0 0 4 5 0 0 0 0/0 14:32 2:18 0:00
Lucas Wallmark 0 1 1 1 0 1 0 0 0 0 2/2 9:17 0:00 0:00
Mark McNeill 0 0 0 -1 0 0 1 0 0 0 0/0 14:26 0:00 0:00
Markus Granlund 0 1 1 1 0 2 3 0 0 2 18/33 22:06 2:18 0:00
Mat Clark 0 0 0 -1 0 1 1 2 0 1 0/0 20:54 0:00 0:00
Mattias Backman 1 0 1 1 0 2 0 1 0 0 0/0 14:46 0:00 0:00
Nicolas Kerdiles 0 0 0 0 0 2 0 0 0 0 0/0 12:46 0:00 0:00
Riley Barber 0 0 0 1 0 0 2 1 0 1 0/1 9:17 0:00 0:00
T.J Brodie 1 1 2 0 0 3 1 0 0 0 0/0 19:58 1:54 0:00
Tony DeAngelo 0 0 0 0 0 1 2 0 1 1 0/0 22:55 2:56 0:00
Trevor Van Riemsdyk 0 0 0 0 0 0 0 0 0 0 0/0 3:27 1:54 0:00
Players Stats for Monarchs
Player Name G A P +/- PIM S H SB GA TA FO MP PP MP PK MP
------------------------------------------------------------------------------------
Aleksander Barkov 0 0 0 -1 0 2 0 0 1 2 12/25 18:34 0:00 0:00
Brandon Montour 1 0 1 3 0 2 1 0 0 1 0/0 18:39 0:00 2:52
Brayden Point 0 1 1 -1 0 0 1 0 0 0 6/16 15:50 0:00 0:00
Brendan Lemieux 0 1 1 1 4 4 3 0 1 0 0/0 13:56 0:00 0:00
Brett Connolly 0 1 1 1 0 1 1 0 0 0 0/0 8:52 0:00 0:00
Dalton Prout 0 1 1 -3 0 0 5 3 0 0 0/0 22:35 0:00 0:00
Elias Lindholm 0 1 1 1 0 3 0 1 0 0 6/8 13:49 0:00 0:19
Eric Gustafsson 0 0 0 0 0 0 1 1 0 0 0/0 10:47 0:00 0:00
Garnet Hathaway 0 0 0 -1 0 3 2 0 2 1 1/1 18:36 0:00 1:12
Gustav Forsling 0 0 0 0 0 0 0 1 0 0 0/0 7:08 0:00 0:00
Jeff Petry 0 0 0 0 0 1 2 0 1 1 0/0 14:38 0:00 1:58
Jimmy Hayes 0 1 1 0 0 3 0 1 0 0 2/7 19:17 0:00 3:19
Max Domi 1 0 1 0 2 7 1 0 1 0 2/2 17:59 0:00 0:00
Mike Amadio 0 1 1 1 0 2 0 1 0 1 1/5 13:10 0:00 3:19
Nicolas Deslauriers 1 0 1 1 0 5 0 2 1 0 0/0 10:05 0:00 1:12
Nikita Zadorov 0 0 0 -2 0 2 2 3 0 2 0/0 24:23 0:00 2:52
Peter Worrell 1 0 1 -2 0 4 2 1 0 0 0/0 15:40 0:00 0:19
Scott Mayfield 0 0 0 0 0 0 0 0 0 0 0/0 7:08 0:00 0:00
Victor Olofsson 0 0 0 1 0 0 0 0 0 0 0/0 13:23 0:00 0:00
Zach Trotman 0 0 0 2 0 0 0 0 2 0 0/0 18:46 0:00 1:58
3 Stars
1 - Joel Armia (Bre)
2 - Brandon Montour (MAN)
3 - T.J Brodie (Bre)
Power Play
Carnivores - 1 on 3 Attempt(s) - 33.33%
Monarchs - 0 on 0 Attempt(s) - 0.00%
Penalty Kill
Carnivores - 0 on 0 Attempt(s) - 0.00%
- Score 0 goal in Penalty Kill
Monarchs - 2 on 3 Attempt(s) - 66.67%
- Score 0 goal in Penalty Kill
Team Stat
Carnivores - Hits : 25 - Faceoff Wins : 34 - Blocked Shots : 7 - Penalty Minutes : 0
Monarchs - Hits : 21 - Faceoff Wins : 30 - Blocked Shots : 14 - Penalty Minutes : 6
Official
Referees : Unknown
Linesman : Unknown
Game Notes
No Game Note
Finance
Level 1 -- Attendance: 1559 (77.95%) -- Ticket Income $62,360
Level 2 -- Attendance: 690 (69.00%) -- Ticket Income $13,800
Total Attendance: 2249 (74.97%)
Total Ticket Income: $76,160
Other Income: $3,808
Total Income: $79,968
Carnivores
5 vs 5 Forward
Center Left Wing Right Wing Time % Phy DF OF
1 Markus Granlund Blake Geoffrion Chris Lawrence 40 1 2 2
2 Anton Gustafsson Jeremy Welsh Mark McNeill 30 1 2 2
3 Curtis Lazar Nicolas Kerdiles Joel Armia 20 1 2 2
4 Lucas Wallmark Hunter Shinkaruk Riley Barber 10 1 2 2
5 vs 5 Defense
Defense Defense Time % Phy DF OF
1 David Fischer Mat Clark 40 1 2 2
2 T.J Brodie Tony DeAngelo 30 1 2 2
3 Andreas Englund Mattias Backman 20 1 2 2
4 David Fischer Tony DeAngelo 10 1 2 2
PowerPlay Forward
Center Left Wing Right Wing Time % Phy DF OF
1 Anton Gustafsson Blake Geoffrion Chris Lawrence 60 1 1 3
2 Markus Granlund Jeremy Welsh Joel Armia 40 1 1 3
PowerPlay Defense
Defense Defense Time % Phy DF OF
1 David Fischer Tony DeAngelo 60 1 1 3
2 Trevor Van Riemsdyk T.J Brodie 40 1 1 3
Penalty Kill 4 Players Forward
Center Wing Time % Phy DF OF
1 Chris Lawrence Nicolas Kerdiles 60 1 2 2
2 Anton Gustafsson Mark McNeill 40 1 2 2
Penalty Kill 4 Players Defense
Defense Defense Time % Phy DF OF
1 David Fischer T.J Brodie 60 1 3 1
2 Andreas Englund Tony DeAngelo 40 1 3 1
Penalty Kill - 3 Players Forward
Forward Time % Phy DF OF
1 Anton Gustafsson 60 1 2 2
2 Chris Lawrence 40 1 2 2
Penalty Kill - 3 Players Defense
Defense Defense Time % Phy DF OF
1 David Fischer Mattias Backman 60 1 3 1
2 Andreas Englund T.J Brodie 40 1 3 1
4 vs 4 Forward
Center Wing Time % Phy DF OF
1 Anton Gustafsson Chris Lawrence 60 1 2 2
2 Markus Granlund Blake Geoffrion 40 1 2 2
4 vs 4 Defense
Defense Defense Time % Phy DF OF
1 David Fischer Mattias Backman 60 1 2 2
2 T.J Brodie Trevor Van Riemsdyk 40 1 2 2
Last Minutes Offensive
Center Left Wing Right Wing Defense Defense
Anton Gustafsson Blake Geoffrion Chris Lawrence David Fischer Mattias Backman
Last Minutes Defensive
Center Left Wing Right Wing Defense Defense
Anton Gustafsson Blake Geoffrion Chris Lawrence David Fischer Mattias Backman
Goaltenders
Starting : Niklas Svedberg
Backup : Tristan Jarry
Extra Forwards
Normal : Nicolas Kerdiles, Mark McNeill, Curtis Lazar - PP : Nicolas Kerdiles, Mark McNeill - PK : Curtis Lazar
Extra Defensemen
Normal : Trevor Van Riemsdyk, Tony DeAngelo, Andreas Englund - PP : Trevor Van Riemsdyk - PK : Tony DeAngelo, Andreas Englund
Penalty Shots
Blake Geoffrion, Chris Lawrence, Anton Gustafsson, Jeremy Welsh, Markus Granlund
Scratches
Adam Almquist (Healthy), Stanislav Galiev (Healthy), Mark MacMillan (Healthy), Tyler Graovac (Healthy), Troy Bourke (Healthy)
Alexandre Mallet (Healthy), Oskar Lindblom (Healthy), Josh Wesley (Healthy), Linus Ullmark (Healthy)
Monarchs
5 vs 5 Forward
Center Left Wing Right Wing Time % Phy DF OF
1 Aleksander Barkov Max Domi Garnet Hathaway 35 1 2 2
2 Brayden Point Peter Worrell Jimmy Hayes 30 1 2 2
3 Elias Lindholm Brendan Lemieux Victor Olofsson 25 1 2 2
4 Mike Amadio Nicolas Deslauriers Brett Connolly 10 1 2 2
5 vs 5 Defense
Defense Defense Time % Phy DF OF
1 Dalton Prout Nikita Zadorov 40 1 3 1
2 Zach Trotman Brandon Montour 30 1 3 1
3 Eric Gustafsson Jeff Petry 20 1 3 1
4 Scott Mayfield Gustav Forsling 10 1 3 1
PowerPlay Forward
Center Left Wing Right Wing Time % Phy DF OF
1 Brayden Point Max Domi Garnet Hathaway 60 1 1 3
2 Aleksander Barkov Brendan Lemieux Victor Olofsson 40 1 1 3
PowerPlay Defense
Defense Defense Time % Phy DF OF
1 Brandon Montour Eric Gustafsson 60 0 3 2
2 Jimmy Hayes Mike Amadio 40 0 3 2
Penalty Kill 4 Players Forward
Center Wing Time % Phy DF OF
1 Jimmy Hayes Mike Amadio 60 1 3 1
2 Garnet Hathaway Nicolas Deslauriers 40 1 3 1
Penalty Kill 4 Players Defense
Defense Defense Time % Phy DF OF
1 Nikita Zadorov Brandon Montour 60 1 4 0
2 Zach Trotman Jeff Petry 40 1 4 0
Penalty Kill - 3 Players Forward
Forward Time % Phy DF OF
1 Jimmy Hayes 60 1 2 2
2 Peter Worrell 40 1 2 2
Penalty Kill - 3 Players Defense
Defense Defense Time % Phy DF OF
1 Brandon Montour Nikita Zadorov 60 1 4 0
2 Zach Trotman Jeff Petry 40 1 4 0
4 vs 4 Forward
Center Wing Time % Phy DF OF
1 Aleksander Barkov Brayden Point 60 1 2 2
2 Max Domi Jimmy Hayes 40 1 2 2
4 vs 4 Defense
Defense Defense Time % Phy DF OF
1 Dalton Prout Zach Trotman 60 1 2 2
2 Brandon Montour Jeff Petry 40 1 2 2
Last Minutes Offensive
Center Left Wing Right Wing Defense Defense
Aleksander Barkov Max Domi Jimmy Hayes Eric Gustafsson Zach Trotman
Last Minutes Defensive
Center Left Wing Right Wing Defense Defense
Mike Amadio Nicolas Deslauriers Jimmy Hayes Nikita Zadorov Brandon Montour
Goaltenders
Starting : Alex Nedeljkovic
Backup : Jason Missiaen
Extra Forwards
Normal : Aleksander Barkov, Brayden Point, Mike Amadio - PP : Peter Worrell, Elias Lindholm - PK : Brendan Lemieux
Extra Defensemen
Normal : Nikita Zadorov, Brandon Montour, Eric Gustafsson - PP : Nikita Zadorov - PK : Dalton Prout, Scott Mayfield
Penalty Shots
Garnet Hathaway, Aleksander Barkov, Max Domi, Peter Worrell, Elias Lindholm
Scratches
Colton Sissons (Healthy), Mike Hoffman (Healthy), Damon Severson (Healthy), Joe Labate (Healthy), Joel Vermin (Healthy)
Tom Wilson (Healthy), Andrew O'Brien (Healthy), Anthony Peluso (Healthy)
% Time on Ice - Carnivores
Lines # - Real PCT - Wanted PCT - Time Play
Normal Forward
1 - 35% - 40% - 19:22
2 - 26% - 30% - 14:04
3 - 22% - 20% - 12:14
4 - 17% - 10% - 9:17
Normal Defense
1 - 38% - 40% - 20:44
2 - 31% - 30% - 17:02
3 - 25% - 20% - 13:46
4 - 6% - 10% - 3:25
PP Forward
1 - 52% - 60% - 2:32
2 - 48% - 40% - 2:18
PP Defense
1 - 61% - 60% - 2:56
2 - 39% - 40% - 1:54
PK Forward
1 - 0% - 60%
2 - 0% - 40%
PK Defense
1 - 0% - 60%
2 - 0% - 40%
PK3 Forward
1 - 0% - 60%
2 - 0% - 40%
PK3 Defense
1 - 0% - 60%
2 - 0% - 40%
44 Forward
1 - 74% - 60% - 1:30
2 - 26% - 40% - 0:32
44 Defense
1 - 49% - 60% - 1:00
2 - 51% - 40% - 1:02
Last Minute Offensive - 0:00
Last Minute Defensive - 0:13
Total
Forward - 62:02
Defense - 62:02
|
% Time on Ice - Monarchs
Lines # - Real PCT - Wanted PCT - Time Play
Normal Forward
1 - 33% - 35% - 17:55
2 - 27% - 30% - 14:50
3 - 24% - 25% - 13:23
4 - 16% - 10% - 8:50
Normal Defense
1 - 39% - 40% - 21:19
2 - 29% - 30% - 15:44
3 - 20% - 20% - 10:47
4 - 13% - 10% - 7:08
PP Forward
1 - 0% - 60%
2 - 0% - 40%
PP Defense
1 - 0% - 60%
2 - 0% - 40%
PK Forward
1 - 75% - 60% - 3:38
2 - 25% - 40% - 1:12
PK Defense
1 - 59% - 60% - 2:52
2 - 41% - 40% - 1:58
PK3 Forward
1 - 0% - 60%
2 - 0% - 40%
PK3 Defense
1 - 0% - 60%
2 - 0% - 40%
44 Forward
1 - 78% - 60% - 1:35
2 - 22% - 40% - 0:27
44 Defense
1 - 52% - 60% - 1:04
2 - 48% - 40% - 0:58
Last Minute Offensive - 0:12
Last Minute Defensive - 0:00
Total
Forward - 62:02
Defense - 62:02
|
Play-by-Play
1st period
0:01 of 1st period - Markus Granlund wins face-off versus Aleksander Barkov in neutral zone.
0:06 of 1st period - Snap shot by Blake Geoffrion.
0:06 of 1st period - Stopped by Alex Nedeljkovic with a rebound.
0:45 of 1st period - Slapshot by Brendan Lemieux.
0:45 of 1st period - Shot Misses the Net.
1:37 of 1st period - Brandon Montour is hit by Andreas Englund.
2:09 of 1st period - Off-side.
2:10 of 1st period - Elias Lindholm wins face-off versus Curtis Lazar in neutral zone.
2:23 of 1st period - Wrist shot by Elias Lindholm.
2:23 of 1st period - Stopped by Niklas Svedberg without a rebound.
2:24 of 1st period - Markus Granlund wins face-off versus Aleksander Barkov in Carnivores zone.
2:37 of 1st period - Mat Clark is hit by Dalton Prout and loses puck.
2:58 of 1st period - Wrist shot by Joel Armia.
2:58 of 1st period - Shot Misses the Net.
3:00 of 1st period - Slapshot by Curtis Lazar.
3:00 of 1st period - Stopped by Alex Nedeljkovic with a rebound.
3:02 of 1st period - Slapshot by David Fischer.
3:02 of 1st period - Deflect By Joel Armia.
3:02 of 1st period - Goal by Joel Armia - Carnivores : 1 - Monarchs : 0.
3:03 of 1st period - Anton Gustafsson wins face-off versus Brayden Point in neutral zone.
3:33 of 1st period - Blake Geoffrion is hit by Brendan Lemieux.
3:55 of 1st period - David Fischer is hit by Brandon Montour and loses puck.
4:04 of 1st period - Wrist shot by Nicolas Deslauriers.
4:04 of 1st period - Deflect By Brett Connolly.
4:04 of 1st period - Shot Misses the Net.
4:04 of 1st period - Puck is out of play.
4:05 of 1st period - Markus Granlund wins face-off versus Brayden Point in Carnivores zone.
5:04 of 1st period - Snap shot by Brendan Lemieux.
5:04 of 1st period - Stopped by Niklas Svedberg with a rebound.
5:10 of 1st period - Riley Barber is hit by Brendan Lemieux and loses puck.
5:39 of 1st period - Dalton Prout is hit by Riley Barber and loses puck.
5:58 of 1st period - Wrist shot by Hunter Shinkaruk.
5:58 of 1st period - Shot Misses the Net.
6:00 of 1st period - Slapshot by David Fischer.
6:00 of 1st period - Shot Misses the Net.
6:04 of 1st period - Wrist shot by Hunter Shinkaruk.
6:04 of 1st period - Shot Misses the Net.
6:06 of 1st period - Slapshot by David Fischer.
6:06 of 1st period - Shot Blocked by Dalton Prout.
6:08 of 1st period - Slapshot by David Fischer.
6:08 of 1st period - Stopped by Alex Nedeljkovic with a rebound.
6:10 of 1st period - Wrist shot by Riley Barber.
6:10 of 1st period - Deflect By Hunter Shinkaruk.
6:10 of 1st period - Shot Misses the Net.
6:10 of 1st period - Puck is out of play.
6:11 of 1st period - Max Domi wins face-off versus Markus Granlund in Monarchs zone.
6:22 of 1st period - Slapshot by Blake Geoffrion.
6:22 of 1st period - Shot Misses the Net.
6:36 of 1st period - Zach Trotman is hit by Anton Gustafsson and loses puck.
6:54 of 1st period - Icing by Zach Trotman.
6:55 of 1st period - Curtis Lazar wins face-off versus Mike Amadio in Monarchs zone.
7:06 of 1st period - Wrist shot by Nicolas Deslauriers.
7:06 of 1st period - Goal by Nicolas Deslauriers - Carnivores : 1 - Monarchs : 1.
7:07 of 1st period - Markus Granlund wins face-off versus Aleksander Barkov in neutral zone.
7:18 of 1st period - Snap shot by Aleksander Barkov.
7:18 of 1st period - Shot Misses the Net.
7:20 of 1st period - Snap shot by Aleksander Barkov.
7:20 of 1st period - Shot Misses the Net.
7:22 of 1st period - Wrist shot by Aleksander Barkov.
7:22 of 1st period - Shot Misses the Net.
8:28 of 1st period - Minor Penalty to Brendan Lemieux for Hooking.
8:29 of 1st period - Anton Gustafsson wins face-off versus Jimmy Hayes in Monarchs zone.
8:30 of 1st period - Slapshot by Chris Lawrence.
8:30 of 1st period - Shot Blocked by Nikita Zadorov.
8:32 of 1st period - Snap shot by Trevor Van Riemsdyk.
8:32 of 1st period - Deflect By Blake Geoffrion.
8:32 of 1st period - Shot Blocked by Jimmy Hayes.
8:32 of 1st period - Puck is out of play.
8:33 of 1st period - Blake Geoffrion wins face-off versus Jimmy Hayes in Monarchs zone.
9:06 of 1st period - Backhand shot by Joel Armia.
9:06 of 1st period - Stopped by Alex Nedeljkovic without a rebound.
9:07 of 1st period - Garnet Hathaway wins face-off versus Chris Lawrence in Monarchs zone.
9:13 of 1st period - Snap shot by Blake Geoffrion.
9:13 of 1st period - Shot Misses the Net.
9:15 of 1st period - Snap shot by David Fischer.
9:15 of 1st period - Stopped by Alex Nedeljkovic without a rebound.
9:16 of 1st period - Chris Lawrence wins face-off versus Jimmy Hayes in Monarchs zone.
10:07 of 1st period - Jeremy Welsh is hit by Jeff Petry and loses puck.
10:11 of 1st period - Icing by T.J Brodie.
10:12 of 1st period - Markus Granlund wins face-off versus Jimmy Hayes in Carnivores zone.
10:28 of 1st period - Penalty to Brendan Lemieux is over, Brendan Lemieux is back on ice.
10:30 of 1st period - Off-side.
10:31 of 1st period - Aleksander Barkov wins face-off versus Markus Granlund in neutral zone.
10:41 of 1st period - Icing by Chris Lawrence.
10:42 of 1st period - Aleksander Barkov wins face-off versus Markus Granlund in Carnivores zone.
10:58 of 1st period - Wrist shot by Blake Geoffrion.
10:58 of 1st period - Shot Misses the Net.
11:00 of 1st period - Snap shot by Chris Lawrence.
11:00 of 1st period - Shot Misses the Net.
11:04 of 1st period - Wrist shot by Blake Geoffrion.
11:04 of 1st period - Stopped by Alex Nedeljkovic with a rebound.
11:06 of 1st period - Wrist shot by Chris Lawrence.
11:06 of 1st period - Shot Misses the Net.
11:08 of 1st period - Wrist shot by Blake Geoffrion.
11:08 of 1st period - Stopped by Alex Nedeljkovic with a rebound.
11:16 of 1st period - Snap shot by Chris Lawrence.
11:16 of 1st period - Stopped by Alex Nedeljkovic with a rebound.
11:31 of 1st period - Off-side.
11:32 of 1st period - Brayden Point wins face-off versus Anton Gustafsson in neutral zone.
12:21 of 1st period - Snap shot by Nicolas Deslauriers.
12:21 of 1st period - Stopped by Niklas Svedberg without a rebound.
12:22 of 1st period - Lucas Wallmark wins face-off versus Mike Amadio in Carnivores zone.
12:29 of 1st period - Snap shot by Hunter Shinkaruk.
12:29 of 1st period - Stopped by Alex Nedeljkovic with a rebound.
12:31 of 1st period - Slapshot by Mattias Backman.
12:31 of 1st period - Shot Blocked by Nicolas Deslauriers.
12:33 of 1st period - Slapshot by Mattias Backman.
12:33 of 1st period - Deflect By Zach Trotman.
12:33 of 1st period - Stopped by Alex Nedeljkovic without a rebound.
12:34 of 1st period - Brayden Point wins face-off versus Anton Gustafsson in Monarchs zone.
12:39 of 1st period - Snap shot by Brayden Point.
12:39 of 1st period - Shot Misses the Net.
12:41 of 1st period - Snap shot by Jimmy Hayes.
12:41 of 1st period - Deflect By Mark McNeill.
12:41 of 1st period - Shot Misses the Net.
12:41 of 1st period - Puck is out of play.
12:42 of 1st period - Anton Gustafsson wins face-off versus Brayden Point in Carnivores zone.
13:11 of 1st period - Snap shot by Markus Granlund.
13:11 of 1st period - Stopped by Alex Nedeljkovic without a rebound.
13:12 of 1st period - Markus Granlund wins face-off versus Aleksander Barkov in Monarchs zone.
13:37 of 1st period - Nikita Zadorov is hit by Jeremy Welsh and loses puck.
13:46 of 1st period - Wrist shot by Jeremy Welsh.
13:46 of 1st period - Stopped by Alex Nedeljkovic with a rebound.
13:48 of 1st period - Slapshot by Jeremy Welsh.
13:48 of 1st period - Goal by Jeremy Welsh - Carnivores : 2 - Monarchs : 1.
13:49 of 1st period - Aleksander Barkov wins face-off versus Markus Granlund in neutral zone.
14:22 of 1st period - Snap shot by Peter Worrell.
14:22 of 1st period - Stopped by Niklas Svedberg with a rebound.
14:24 of 1st period - Snap shot by Jimmy Hayes.
14:24 of 1st period - Shot Misses the Net.
14:54 of 1st period - Slapshot by Brett Connolly.
14:54 of 1st period - Shot Misses the Net.
15:22 of 1st period - T.J Brodie is hit by Garnet Hathaway and loses puck.
15:45 of 1st period - Snap shot by Joel Armia.
15:45 of 1st period - Deflect By Jimmy Hayes.
15:45 of 1st period - Stopped by Alex Nedeljkovic without a rebound.
15:46 of 1st period - Aleksander Barkov wins face-off versus Anton Gustafsson in Monarchs zone.
16:37 of 1st period - Wrist shot by Nicolas Kerdiles.
16:37 of 1st period - Shot Blocked by Eric Gustafsson.
16:39 of 1st period - Backhand shot by Andreas Englund.
16:39 of 1st period - Deflect By Curtis Lazar.
16:39 of 1st period - Stopped by Alex Nedeljkovic with a rebound.
16:53 of 1st period - Slapshot by David Fischer.
16:53 of 1st period - Shot Blocked by Mike Amadio.
16:55 of 1st period - Slapshot by Mat Clark.
16:55 of 1st period - Shot Blocked by Nicolas Deslauriers.
16:57 of 1st period - Slapshot by Mat Clark.
16:57 of 1st period - Stopped by Alex Nedeljkovic with a rebound.
17:26 of 1st period - Minor Penalty to Max Domi for Hooking.
17:27 of 1st period - Jimmy Hayes wins face-off versus Anton Gustafsson in Monarchs zone.
18:13 of 1st period - Zach Trotman is hit by Markus Granlund and loses puck.
18:18 of 1st period - Snap shot by Joel Armia.
18:18 of 1st period - Goal by Joel Armia - Carnivores : 3 - Monarchs : 1.
18:19 of 1st period - Markus Granlund wins face-off versus Aleksander Barkov in neutral zone.
18:34 of 1st period - Snap shot by Garnet Hathaway.
18:34 of 1st period - Stopped by Niklas Svedberg with a rebound.
18:46 of 1st period - Jimmy Hayes is hit by Anton Gustafsson.
18:56 of 1st period - Wrist shot by Jeremy Welsh.
18:56 of 1st period - Shot Blocked by Nikita Zadorov.
Goals for this period are 3 for Carnivores vs 1 for Monarchs .
Shots for this period are 18 for Carnivores vs 6 for Monarchs .
2nd period
0:01 of 2nd period - Markus Granlund wins face-off versus Brayden Point in neutral zone.
0:26 of 2nd period - Markus Granlund is hit by Brendan Lemieux and loses puck.
1:39 of 2nd period - Peter Worrell is hit by Hunter Shinkaruk and loses puck.
2:06 of 2nd period - Off-side.
2:07 of 2nd period - Elias Lindholm wins face-off versus Curtis Lazar in neutral zone.
2:14 of 2nd period - Slapshot by Brendan Lemieux.
2:14 of 2nd period - Stopped by Niklas Svedberg without a rebound.
2:15 of 2nd period - Curtis Lazar wins face-off versus Elias Lindholm in Carnivores zone.
2:34 of 2nd period - Snap shot by Nicolas Kerdiles.
2:34 of 2nd period - Stopped by Alex Nedeljkovic without a rebound.
2:35 of 2nd period - Markus Granlund wins face-off versus Aleksander Barkov in Monarchs zone.
2:44 of 2nd period - Garnet Hathaway is hit by Chris Lawrence and loses puck.
3:13 of 2nd period - Slapshot by Peter Worrell.
3:13 of 2nd period - Shot Blocked by Mat Clark.
3:15 of 2nd period - Snap shot by Peter Worrell.
3:15 of 2nd period - Shot Misses the Net.
3:25 of 2nd period - Snap shot by Elias Lindholm.
3:25 of 2nd period - Shot Misses the Net.
3:27 of 2nd period - Snap shot by Brandon Montour.
3:27 of 2nd period - Goal by Brandon Montour - Carnivores : 3 - Monarchs : 2.
3:28 of 2nd period - Aleksander Barkov wins face-off versus Markus Granlund in neutral zone.
3:31 of 2nd period - Slapshot by Aleksander Barkov.
3:31 of 2nd period - Stopped by Niklas Svedberg without a rebound.
3:32 of 2nd period - Markus Granlund wins face-off versus Aleksander Barkov in Carnivores zone.
3:37 of 2nd period - Slapshot by Garnet Hathaway.
3:37 of 2nd period - Stopped by Niklas Svedberg without a rebound.
3:38 of 2nd period - Max Domi wins face-off versus Markus Granlund in Carnivores zone.
3:43 of 2nd period - Wrist shot by Max Domi.
3:43 of 2nd period - Stopped by Niklas Svedberg with a rebound.
4:30 of 2nd period - Slapshot by Max Domi.
4:30 of 2nd period - Stopped by Niklas Svedberg with a rebound.
4:48 of 2nd period - Brandon Montour is hit by Tony DeAngelo and loses puck.
4:53 of 2nd period - Wrist shot by Markus Granlund.
4:53 of 2nd period - Shot Misses the Net.
5:11 of 2nd period - Icing by T.J Brodie.
5:12 of 2nd period - Brayden Point wins face-off versus Markus Granlund in Carnivores zone.
5:23 of 2nd period - Wrist shot by Peter Worrell.
5:23 of 2nd period - Stopped by Niklas Svedberg with a rebound.
5:25 of 2nd period - Slapshot by Nikita Zadorov.
5:25 of 2nd period - Stopped by Niklas Svedberg with a rebound.
5:47 of 2nd period - Snap shot by Mark McNeill.
5:47 of 2nd period - Deflect By Anton Gustafsson.
5:47 of 2nd period - Stopped by Alex Nedeljkovic with a rebound.
6:13 of 2nd period - Icing by Nikita Zadorov.
6:14 of 2nd period - Anton Gustafsson wins face-off versus Mike Amadio in Monarchs zone.
6:23 of 2nd period - Wrist shot by Anton Gustafsson.
6:23 of 2nd period - Stopped by Alex Nedeljkovic with a rebound.
6:29 of 2nd period - Snap shot by Anton Gustafsson.
6:29 of 2nd period - Shot Misses the Net.
6:39 of 2nd period - Mike Amadio is hit by Curtis Lazar and loses puck.
6:58 of 2nd period - Wrist shot by Nicolas Deslauriers.
6:58 of 2nd period - Shot Blocked by Riley Barber.
7:20 of 2nd period - Mattias Backman is hit by Dalton Prout and loses puck.
7:30 of 2nd period - Off-side.
7:31 of 2nd period - Jeremy Welsh wins face-off versus Brayden Point in neutral zone.
7:31 of 2nd period - Jeremy Welsh is hit by Eric Gustafsson.
7:43 of 2nd period - Jimmy Hayes is hit by Jeremy Welsh.
7:57 of 2nd period - Aleksander Barkov is hit by Joel Armia and loses puck.
8:08 of 2nd period - Max Domi is hit by Joel Armia and loses puck.
8:53 of 2nd period - Snap shot by Jimmy Hayes.
8:53 of 2nd period - Stopped by Niklas Svedberg without a rebound.
8:54 of 2nd period - Brayden Point wins face-off versus Anton Gustafsson in Carnivores zone.
8:57 of 2nd period - Snap shot by Peter Worrell.
8:57 of 2nd period - Goal by Peter Worrell - Carnivores : 3 - Monarchs : 3.
8:58 of 2nd period - Markus Granlund wins face-off versus Brayden Point in neutral zone.
9:16 of 2nd period - Jimmy Hayes is hit by Blake Geoffrion and loses puck.
9:29 of 2nd period - Wrist shot by Nicolas Kerdiles.
9:29 of 2nd period - Shot Misses the Net.
9:33 of 2nd period - Backhand shot by Joel Armia.
9:33 of 2nd period - Deflect By Nicolas Kerdiles.
9:33 of 2nd period - Shot Misses the Net.
9:33 of 2nd period - Puck is out of play.
9:34 of 2nd period - Aleksander Barkov wins face-off versus Curtis Lazar in Monarchs zone.
9:45 of 2nd period - Slapshot by Aleksander Barkov.
9:45 of 2nd period - Shot Blocked by Mattias Backman.
9:47 of 2nd period - Wrist shot by Garnet Hathaway.
9:47 of 2nd period - Stopped by Niklas Svedberg without a rebound.
9:48 of 2nd period - Elias Lindholm wins face-off versus Anton Gustafsson in Carnivores zone.
9:57 of 2nd period - Snap shot by Anton Gustafsson.
9:57 of 2nd period - Stopped by Alex Nedeljkovic with a rebound.
10:32 of 2nd period - Icing by Jeff Petry.
10:33 of 2nd period - Aleksander Barkov wins face-off versus Curtis Lazar in Monarchs zone.
10:33 of 2nd period - Aleksander Barkov is hit by Curtis Lazar.
11:11 of 2nd period - Snap shot by Peter Worrell.
11:11 of 2nd period - Shot Misses the Net.
11:21 of 2nd period - Tony DeAngelo is hit by Brett Connolly.
11:27 of 2nd period - Snap shot by Brett Connolly.
11:27 of 2nd period - Shot Blocked by Chris Lawrence.
11:29 of 2nd period - Slapshot by Dalton Prout.
11:29 of 2nd period - Shot Blocked by Blake Geoffrion.
11:31 of 2nd period - Slapshot by Mike Amadio.
11:31 of 2nd period - Stopped by Niklas Svedberg with a rebound.
11:33 of 2nd period - Slapshot by Nicolas Deslauriers.
11:33 of 2nd period - Shot Misses the Net.
13:07 of 2nd period - Slapshot by Zach Trotman.
13:07 of 2nd period - Shot Misses the Net.
13:09 of 2nd period - Slapshot by Brandon Montour.
13:09 of 2nd period - Stopped by Niklas Svedberg with a rebound.
13:19 of 2nd period - Nicolas Kerdiles is hit by Garnet Hathaway and loses puck.
13:32 of 2nd period - Max Domi is hit by Joel Armia and loses puck.
13:45 of 2nd period - Blake Geoffrion is hit by Brayden Point and loses puck.
15:32 of 2nd period - Jeremy Welsh is hit by Nikita Zadorov and loses puck.
15:39 of 2nd period - Wrist shot by Nicolas Deslauriers.
15:39 of 2nd period - Deflect By Mike Amadio.
15:39 of 2nd period - Shot Misses the Net.
15:39 of 2nd period - Puck is out of play.
15:40 of 2nd period - Anton Gustafsson wins face-off versus Aleksander Barkov in Carnivores zone.
15:51 of 2nd period - Snap shot by Anton Gustafsson.
15:51 of 2nd period - Shot Misses the Net.
15:53 of 2nd period - Slapshot by Andreas Englund.
15:53 of 2nd period - Stopped by Alex Nedeljkovic with a rebound.
16:26 of 2nd period - Snap shot by Brendan Lemieux.
16:26 of 2nd period - Stopped by Niklas Svedberg with a rebound.
16:52 of 2nd period - Nikita Zadorov is hit by T.J Brodie and loses puck.
17:45 of 2nd period - Peter Worrell is hit by Joel Armia and loses puck.
18:24 of 2nd period - Wrist shot by Nicolas Deslauriers.
18:24 of 2nd period - Stopped by Niklas Svedberg with a rebound.
18:42 of 2nd period - Wrist shot by Max Domi.
18:42 of 2nd period - Stopped by Niklas Svedberg with a rebound.
18:44 of 2nd period - Wrist shot by Max Domi.
18:44 of 2nd period - Deflect By Garnet Hathaway.
18:44 of 2nd period - Shot Blocked by Mat Clark.
18:44 of 2nd period - Puck is out of play.
18:45 of 2nd period - Brayden Point wins face-off versus Markus Granlund in Carnivores zone.
18:46 of 2nd period - Wrist shot by Jimmy Hayes.
18:46 of 2nd period - Shot Misses the Net.
18:48 of 2nd period - Wrist shot by Brayden Point.
18:48 of 2nd period - Shot Misses the Net.
18:50 of 2nd period - Slapshot by Peter Worrell.
18:50 of 2nd period - Stopped by Niklas Svedberg without a rebound.
18:51 of 2nd period - Markus Granlund wins face-off versus Brayden Point in Carnivores zone.
19:36 of 2nd period - Wrist shot by Nicolas Deslauriers.
19:36 of 2nd period - Stopped by Niklas Svedberg with a rebound.
19:38 of 2nd period - Wrist shot by Mike Amadio.
19:38 of 2nd period - Stopped by Niklas Svedberg without a rebound.
19:39 of 2nd period - Markus Granlund wins face-off versus Mike Amadio in Carnivores zone.
19:50 of 2nd period - Slapshot by Brett Connolly.
19:50 of 2nd period - Stopped by Niklas Svedberg with a rebound.
Goals for this period are 0 for Carnivores vs 2 for Monarchs .
Shots for this period are 5 for Carnivores vs 20 for Monarchs .
3rd period
0:01 of 3rd period - Aleksander Barkov wins face-off versus Markus Granlund in neutral zone.
0:25 of 3rd period - Brayden Point is hit by Mat Clark and loses puck.
0:53 of 3rd period - Zach Trotman is hit by Joel Armia and loses puck.
1:16 of 3rd period - Snap shot by Brett Connolly.
1:16 of 3rd period - Shot Misses the Net.
1:26 of 3rd period - Snap shot by Max Domi.
1:26 of 3rd period - Stopped by Niklas Svedberg without a rebound.
1:27 of 3rd period - Markus Granlund wins face-off versus Aleksander Barkov in Carnivores zone.
1:27 of 3rd period - Markus Granlund is hit by Dalton Prout.
1:35 of 3rd period - Snap shot by Garnet Hathaway.
1:35 of 3rd period - Deflect By Max Domi.
1:35 of 3rd period - Stopped by Niklas Svedberg without a rebound.
1:36 of 3rd period - Markus Granlund wins face-off versus Aleksander Barkov in Carnivores zone.
2:07 of 3rd period - Icing by Nikita Zadorov.
2:08 of 3rd period - Anton Gustafsson wins face-off versus Brayden Point in Monarchs zone.
2:19 of 3rd period - Snap shot by Mark McNeill.
2:19 of 3rd period - Shot Blocked by Peter Worrell.
2:21 of 3rd period - Snap shot by Jeremy Welsh.
2:21 of 3rd period - Stopped by Alex Nedeljkovic with a rebound.
2:43 of 3rd period - Snap shot by Anton Gustafsson.
2:43 of 3rd period - Shot Blocked by Nikita Zadorov.
3:05 of 3rd period - Snap shot by Jeremy Welsh.
3:05 of 3rd period - Shot Misses the Net.
3:07 of 3rd period - Wrist shot by Jeremy Welsh.
3:07 of 3rd period - Shot Misses the Net.
3:09 of 3rd period - Snap shot by Mat Clark.
3:09 of 3rd period - Shot Misses the Net.
3:11 of 3rd period - Slapshot by Mark McNeill.
3:11 of 3rd period - Shot Blocked by Dalton Prout.
3:13 of 3rd period - Snap shot by Mat Clark.
3:13 of 3rd period - Deflect By Anton Gustafsson.
3:13 of 3rd period - Shot Blocked by Dalton Prout.
3:13 of 3rd period - Puck is out of play.
3:14 of 3rd period - Aleksander Barkov wins face-off versus Markus Granlund in Monarchs zone.
3:44 of 3rd period - Backhand shot by Jeff Petry.
3:44 of 3rd period - Stopped by Niklas Svedberg without a rebound.
3:45 of 3rd period - Elias Lindholm wins face-off versus Curtis Lazar in Carnivores zone.
4:12 of 3rd period - Minor Penalty to Brendan Lemieux for Tripping.
4:13 of 3rd period - Jimmy Hayes wins face-off versus Anton Gustafsson in Monarchs zone.
4:58 of 3rd period - Nikita Zadorov is hit by Markus Granlund and loses puck.
5:42 of 3rd period - Icing by Blake Geoffrion.
5:43 of 3rd period - Anton Gustafsson wins face-off versus Jimmy Hayes in Carnivores zone.
6:12 of 3rd period - Penalty to Brendan Lemieux is over, Brendan Lemieux is back on ice.
6:38 of 3rd period - Brendan Lemieux is hit by Riley Barber and loses puck.
7:26 of 3rd period - Slapshot by Anton Gustafsson.
7:26 of 3rd period - Stopped by Alex Nedeljkovic without a rebound.
7:27 of 3rd period - Aleksander Barkov wins face-off versus Anton Gustafsson in Monarchs zone.
7:27 of 3rd period - Aleksander Barkov is hit by Mark McNeill.
8:36 of 3rd period - Slapshot by Mat Clark.
8:36 of 3rd period - Shot Blocked by Gustav Forsling.
8:38 of 3rd period - Slapshot by Mat Clark.
8:38 of 3rd period - Shot Misses the Net.
9:32 of 3rd period - Slapshot by T.J Brodie.
9:32 of 3rd period - Stopped by Alex Nedeljkovic without a rebound.
9:33 of 3rd period - Markus Granlund wins face-off versus Elias Lindholm in Monarchs zone.
9:40 of 3rd period - Snap shot by Blake Geoffrion.
9:40 of 3rd period - Shot Misses the Net.
9:42 of 3rd period - Snap shot by Chris Lawrence.
9:42 of 3rd period - Shot Misses the Net.
9:44 of 3rd period - Slapshot by Tony DeAngelo.
9:44 of 3rd period - Stopped by Alex Nedeljkovic with a rebound.
9:46 of 3rd period - Slapshot by T.J Brodie.
9:46 of 3rd period - Shot Blocked by Elias Lindholm.
9:48 of 3rd period - Wrist shot by Blake Geoffrion.
9:48 of 3rd period - Deflect By Markus Granlund.
9:48 of 3rd period - Deflect By Dalton Prout.
9:48 of 3rd period - Stopped by Alex Nedeljkovic with a rebound.
10:43 of 3rd period - Wrist shot by Nicolas Deslauriers.
10:43 of 3rd period - Stopped by Niklas Svedberg with a rebound.
11:07 of 3rd period - Snap shot by Hunter Shinkaruk.
11:07 of 3rd period - Stopped by Alex Nedeljkovic without a rebound.
11:08 of 3rd period - Lucas Wallmark wins face-off versus Brayden Point in Monarchs zone.
11:11 of 3rd period - Slapshot by T.J Brodie.
11:11 of 3rd period - Goal by T.J Brodie - Carnivores : 4 - Monarchs : 3.
11:12 of 3rd period - Brayden Point wins face-off versus Markus Granlund in neutral zone.
11:23 of 3rd period - Snap shot by Jimmy Hayes.
11:23 of 3rd period - Stopped by Niklas Svedberg with a rebound.
11:37 of 3rd period - Mark McNeill is hit by Dalton Prout and loses puck.
11:44 of 3rd period - Wrist shot by Max Domi.
11:44 of 3rd period - Stopped by Niklas Svedberg without a rebound.
11:45 of 3rd period - Markus Granlund wins face-off versus Aleksander Barkov in Carnivores zone.
12:57 of 3rd period - Wrist shot by Joel Armia.
12:57 of 3rd period - Shot Misses the Net.
14:18 of 3rd period - Off-side.
14:19 of 3rd period - Aleksander Barkov wins face-off versus Markus Granlund in neutral zone.
14:46 of 3rd period - Andreas Englund is hit by Peter Worrell and loses puck.
15:05 of 3rd period - Snap shot by Elias Lindholm.
15:05 of 3rd period - Shot Misses the Net.
15:07 of 3rd period - Snap shot by Brendan Lemieux.
15:07 of 3rd period - Deflect By Curtis Lazar.
15:07 of 3rd period - Stopped by Niklas Svedberg with a rebound.
15:09 of 3rd period - Wrist shot by Elias Lindholm.
15:09 of 3rd period - Stopped by Niklas Svedberg with a rebound.
15:11 of 3rd period - Slapshot by Gustav Forsling.
15:11 of 3rd period - Shot Blocked by Andreas Englund.
15:13 of 3rd period - Snap shot by Elias Lindholm.
15:13 of 3rd period - Stopped by Niklas Svedberg with a rebound.
15:23 of 3rd period - Wrist shot by Riley Barber.
15:23 of 3rd period - Shot Misses the Net.
15:25 of 3rd period - Wrist shot by Lucas Wallmark.
15:25 of 3rd period - Stopped by Alex Nedeljkovic without a rebound.
15:26 of 3rd period - Mike Amadio wins face-off versus Riley Barber in Monarchs zone.
15:35 of 3rd period - Wrist shot by Nikita Zadorov.
15:35 of 3rd period - Stopped by Niklas Svedberg with a rebound.
17:45 of 3rd period - Icing by Jeff Petry.
17:46 of 3rd period - Elias Lindholm wins face-off versus Markus Granlund in Monarchs zone.
17:46 of 3rd period - Elias Lindholm is hit by Markus Granlund.
18:13 of 3rd period - Snap shot by Jimmy Hayes.
18:13 of 3rd period - Stopped by Niklas Svedberg without a rebound.
18:14 of 3rd period - Curtis Lazar wins face-off versus Brayden Point in Carnivores zone.
18:14 of 3rd period - Curtis Lazar is hit by Peter Worrell.
18:40 of 3rd period - T.J Brodie is hit by Nikita Zadorov and loses puck.
18:49 of 3rd period - Slapshot by Chris Lawrence.
18:49 of 3rd period - Shot Misses the Net.
18:51 of 3rd period - Wrist shot by Chris Lawrence.
18:51 of 3rd period - Shot Misses the Net.
19:05 of 3rd period - Monarchs , Alex Nedeljkovic is pulled from the net.
19:07 of 3rd period - Snap shot by Max Domi.
19:07 of 3rd period - Goal by Max Domi - Carnivores : 4 - Monarchs : 4.
19:07 of 3rd period - Alex Nedeljkovic from Monarchs was sent back in the game.
19:08 of 3rd period - Elias Lindholm wins face-off versus Markus Granlund in neutral zone.
19:21 of 3rd period - Slapshot by Blake Geoffrion.
19:21 of 3rd period - Stopped by Alex Nedeljkovic with a rebound.
19:23 of 3rd period - Snap shot by David Fischer.
19:23 of 3rd period - Deflect By Blake Geoffrion.
19:23 of 3rd period - Shot Misses the Net.
19:23 of 3rd period - Puck is out of play.
19:24 of 3rd period - Aleksander Barkov wins face-off versus Markus Granlund in Monarchs zone.
19:24 of 3rd period - Aleksander Barkov is hit by Tony DeAngelo.
19:48 of 3rd period - Blake Geoffrion is hit by Max Domi.
Goals for this period are 1 for Carnivores vs 1 for Monarchs .
Shots for this period are 9 for Carnivores vs 12 for Monarchs .
Overtime #1
0:01 of 1st overtime period - Anton Gustafsson wins face-off versus Aleksander Barkov in neutral zone.
0:16 of 1st overtime period - Wrist shot by Aleksander Barkov.
0:16 of 1st overtime period - Stopped by Niklas Svedberg with a rebound.
0:32 of 1st overtime period - David Fischer is hit by Jeff Petry and loses puck.
1:18 of 1st overtime period - Snap shot by Nicolas Kerdiles.
1:18 of 1st overtime period - Stopped by Alex Nedeljkovic with a rebound.
1:36 of 1st overtime period - T.J Brodie is hit by Dalton Prout.
1:58 of 1st overtime period - Slapshot by T.J Brodie.
1:58 of 1st overtime period - Stopped by Alex Nedeljkovic without a rebound.
1:59 of 1st overtime period - Markus Granlund wins face-off versus Aleksander Barkov in Monarchs zone.
2:02 of 1st overtime period - Snap shot by Mattias Backman.
2:02 of 1st overtime period - Goal by Mattias Backman - Carnivores : 5 - Monarchs : 4.
Goals for this period are 1 for Carnivores vs 0 for Monarchs .
Shots for this period are 3 for Carnivores vs 1 for Monarchs .
Back to the Top